 Dungeon Crawl Stone Soup version 0.23-a0-358-g98c7a59 (webtiles) character file.

984 namelastname112 the Magician (level 7, 54/58 HPs)
             Began as a Green Draconian Wizard on Oct 23, 2018.
             Quit the game on level 6 of the Dungeon.
             The game lasted 00:07:44 (4648 turns).

namelastname112 the Magician (DrWz)                 Turns: 4648, Time: 00:07:44

Health: 54/58      AC:  8    Str: 15    XL:     7   Next: 97%
Magic:  19/24      EV: 13    Int: 20    God:
Gold:   275        SH:  0    Dex: 10    Spells: 9/17 levels left

rFire    . . .     SeeInvis .   f - +2 dagger (speed)
rCold    . . .     Gourm    +   (no shield)
rNeg     . . .     Faith    .   (armour unavailable)
rPois    +         Spirit   .   a - +0 hat
rElec    .         Reflect  .   (no cloak)
rCorr    .         Harm     .   u - +0 pair of gloves (curse)
MR       .....                  y - +0 pair of boots
Stlth    ++........             A - amulet of the gourmand
HPRegen  0.19/turn              g - +6 ring of strength
MPRegen  0.19/turn              m - ring of magical power

@: no status effects
A: breathe noxious fumes, unfitting armour, poison resistance, cold-blooded, AC
+6
a: Breathe Noxious Fumes


You were on level 6 of the Dungeon.
You were not hungry.

You visited 1 branch of the dungeon, and saw 6 of its levels.

You collected 275 gold pieces.

Inventory:

Hand Weapons
 f - a +2 dagger of speed (weapon)
Armour
 a - a +0 hat (worn)
 l - a +0 pair of gloves
 u - a cursed +0 pair of gloves (worn)
 y - a +0 pair of boots (worn)
Jewellery
 g - a +6 ring of strength (left hand)
 m - a ring of magical power (right hand)
 q - an uncursed ring of resist corrosion
 A - an amulet of the gourmand (around neck)
Wands
 r - a wand of scattershot (7)
Scrolls
 e - 9 scrolls of identify {unknown}
 h - a scroll of magic mapping {unknown}
 i - a scroll of immolation {unknown}
 j - 3 scrolls of remove curse {unknown}
 s - a scroll of teleportation {unknown}
 t - 4 scrolls of enchant weapon {unknown}
 v - 3 scrolls of fear {unknown}
 x - a scroll of enchant armour {unknown}
Potions
 b - 2 potions of lignification
 d - 2 potions of mutation {unknown}
 k - a potion of heal wounds
 n - a potion of agility {unknown}
 o - 2 potions of haste {unknown}
 p - 2 potions of curing {unknown}
 w - a potion of ambrosia {unknown}
 z - a potion of flight {unknown}
Comestibles
 c - 10 rations


   Skills:
 + Level 3.7 Fighting
 + Level 3.8 Dodging
 - Level 1.7 Stealth
 * Level 5.7 Spellcasting
 * Level 5.2 Conjurations
   Level 1.0 Summonings
 - Level 1.0 Translocations


You had 9 spell levels left.
You knew the following spells:

 Your Spells              Type           Power        Failure   Level  Hunger
c - Conjure Flame         Conj/Fire      ###.....     11%         3    ##.....
e - Blink                 Tloc           N/A          11%         2    None
x - Searing Ray           Conj           ####..       1%          2    None
z - Magic Dart            Conj           ####         1%          1    None

Your spell library contained the following spells:

 Spells                   Type           Power        Failure   Level  Hunger
 Apportation              Tloc           #.....       7%          1    None
 Summon Small Mammal      Summ           #...         7%          1    None
 Animate Skeleton         Necr           N/A          11%         1    None
 Confusing Touch          Hex            #.....       11%         1    None
 Call Imp                 Summ           #.......     11%         2    None
 Dazzling Spray           Conj/Hex       ###...       11%         3    ##.....
 Iskenderun's Mystic Bla  Conj           ####....     12%         4    ####...
 Slow                     Hex            #.......     16%         2    None
 Mephitic Cloud           Conj/Pois/Air  ##......     16%         3    ##.....
 Gell's Gravitas          Tloc           #.........   22%         3    ##.....
 Force Lance              Conj/Tloc      ###.....     30%         4    ####...
 Confuse                  Hex            #.......     32%         3    ##.....
 Fulminant Prism          Conj/Hex       ###.......   36%         4    ####...
 Petrify                  Tmut/Erth      #.......     71%         4    ####...
 Metabolic Englaciation   Hex/Ice        #.........   96%         5    #####..
 Yara's Violent Unravell  Hex/Tmut       #.........   96%         5    #####..


Dungeon Overview and Level Annotations

Branches:
Dungeon (6/15)
 Temple: D:4-7

Altars:

Annotations:
D:3 2 runed doors, Ghost621's ghost, novice MiFi


Innate Abilities, Weirdness & Mutations

You can breathe blasts of noxious fumes.
Your lurid green scales are hard. (AC +6)
You cannot fit into any form of body armour.
Your system is resistant to poisons. (rPois)
You are cold-blooded and may be slowed by cold attacks.


Message History

You now have 20/24 mp.
Casting: Magic Dart (safe; 1% risk of failure)
Confirm with . or Enter, or press ? or * to list all spells.
Aiming: Magic Dart (safe; 1% risk of failure)
Press: ? - help, Shift-Dir - straight line, f/p - crimson imp
Aim: a crimson imp (heavily wounded)
The magic dart hits the crimson imp.
The crimson imp is severely wounded.
Casting: Magic Dart (safe; 1% risk of failure)
Confirm with . or Enter, or press ? or * to list all spells.
Aiming: Magic Dart (safe; 1% risk of failure)
Press: ? - help, Shift-Dir - straight line, f/p - crimson imp
Aim: a crimson imp (severely wounded)
The magic dart hits the crimson imp.
The crimson imp is almost dead.
The crimson imp blinks!
Are you sure you want to abandon this character and quit the game? (Confirm
Okay, then.
You now have 19/24 mp.
Are you sure you want to abandon this character and quit the game? (Confirm

..# #.# #.# #.# .#
#.# #.# .# #.# #.#
.# ######.####.# .#
.........##.# .#
######.#.##.# .#
#.#.##.#####.#
######(#........@5#
.....).#.##.#######
###########.#
............#
############# # # #
#


You could see a crimson imp.

Vanquished Creatures
  Sigmund (D:5)
  An ogre (D:4)
  A phantom (D:4)
  A centaur (D:6)
  3 wights (D:5)
  5 orc wizards
  Jessica (D:2)
  3 worker ants
  2 hound zombies (D:5)
  A hound skeleton (D:4)
  A howler monkey skeleton (D:5)
  6 adders
  An adder zombie (D:5)
  A worm (D:3)
  3 dart slugs
  5 leopard geckos
  11 orcs
  A ball python (D:3)
  11 bats
  6 giant cockroaches
  12 goblins
  5 hobgoblins
  6 jackals
  2 quokkas
  7 frilled lizards
  6 kobolds
  A leopard gecko skeleton (D:4)
  A quokka zombie (D:5)
  4 rats
109 creatures vanquished.

Notes
Turn   | Place    | Note
-------+----------+-------------------------------------------
     0 | D:1      | namelastname112 the Draconian Wizard began the quest for
                  | the Orb.
     0 | D:1      | Reached XP level 1. HP: 14/14 MP: 4/4
   324 | D:1      | Reached XP level 2. HP: 20/22 MP: 0/6
   451 | D:1      | Reached skill level 1 in Fighting
   451 | D:1      | Reached XP level 3. HP: 7/28 MP: 0/7
  1063 | D:2      | Noticed Jessica
  1069 | D:2      | Killed Jessica
  1069 | D:2      | Reached XP level 4. HP: 18/35 MP: 7/9
  1924 | D:3      | Found a runed door.
  1926 | D:3      | Noticed Ghost621's ghost (novice MiFi)
  2001 | D:3      | Reached XP level 5. HP: 33/41 MP: 10/10
  2281 | D:3      | Found a runed door.
  2294 | D:3      | You fall through a shaft for 2 floors!
  2294 | D:5      | Entered Level 5 of the Dungeon
  2377 | D:5      | Noticed Sigmund
  2386 | D:4      | Noticed a phantom
  2858 | D:4      | Reached XP level 6. HP: 15/48 MP: 5/12
  3303 | D:3      | Learned a level 2 spell: Blink
  3307 | D:3      | Learned a level 3 spell: Conjure Flame
  3508 | D:4      | Learned a level 2 spell: Searing Ray
  3613 | D:4      | Your scales start taking on a lurid green colour.
  3613 | D:4      | Reached XP level 7. HP: 23/56 MP: 5/14
  3613 | D:4      | Gained mutation: Your system is resistant to poisons.
                  | (rPois) [Green Draconian growth]
  3994 | D:5      | Killed Sigmund
  3994 | D:5      | Reached skill level 5 in Spellcasting
  4195 | D:5      | Reached skill level 5 in Conjurations
  4648 | D:6      | Quit the game

Vault maps used:
D:1:      minmay_arrival_hallway
D:2:      serial_park_tiny_2, uniq_jessica
D:3:      ebering_ghost_sewer_f, grunt_ministairs_5
D:5:      first_ration, uniq_sigmund
D:6:      minmay_temple_entry_grid

Skill      XL: |  1  2  3  4  5  6  7 |
---------------+----------------------+-----
Dodging        | 2 3 |  3.8
Fighting       | 1 2 3 |  3.7
Conjurations   | 2 3 4 5 |  5.2
Spellcasting   | 4 5 |  5.7
Stealth        | |  1.7
Summonings     | |  1.0
Translocations | |  1.0

Action                   |  1- 3 |  4- 6 |  7- 9 || total
-------------------------+-------+-------+-------++-------
Melee: Unarmed           |    34 |       |       ||    34
       Tailslap          |     9 |     1 |       ||    10
       Dagger            |    53 |    41 |     8 ||   102
 Cast: Magic Dart        |    41 |   195 |    73 ||   309
       Searing Ray       |       |     2 |     4 ||     6
 Abil: Breathe Noxious F |       |       |     2 ||     2
  Use: Potion            |       |     1 |       ||     1
 Stab: Sleeping          |       |     2 |       ||     2
  Eat: Chunk             |       |     8 |       ||     8
       Ration            |       |       |     1 ||     1
Armor: Skin              |    39 |    32 |     9 ||    80
Dodge: Dodged            |    67 |    60 |    17 ||   144

Table legend:
 A = Non-vault XP
 B = Vault XP
 C = Vault XP percentage of total XP
 D = Non-vault monster count
 E = Vault monster count
 F = Vault count percentage of total count
                 A         B        C        D         E       F
            +---------+---------+-------+---------+---------+-------
      Total |    1129 |     278 |  19.8 |     105 |       4 |   3.7
            +---------+---------+-------+---------+---------+-------
        D:1 |      47 |       0 |   0.0 |      25 |       0 |   0.0
        D:2 |      35 |      37 |  51.4 |      15 |       1 |   6.2
        D:3 |      99 |      18 |  15.4 |      25 |       2 |   7.4
        D:4 |     424 |       0 |   0.0 |      17 |       0 |   0.0
        D:5 |     403 |     223 |  35.6 |      21 |       1 |   4.5
        D:6 |     121 |       0 |   0.0 |       2 |       0 |   0.0
            +---------+---------+-------+---------+---------+-------
